 Dungeon Crawl Stone Soup version 0.24-a0-250-g6074511 (webtiles) character file.

Game seed: 1333067767594362308

250 Borgoz the Cutter (level 6, -1/55 HPs)
             Began as a Kobold Gladiator on Apr 14, 2019.
             Succumbed to a killer bee's poison
             ... on level 4 of the Dungeon.
             The game lasted 00:06:08 (2867 turns).

Borgoz the Cutter (Kobold Gladiator)                Turns: 2867, Time: 00:06:09

Health: -1/55      AC: 23    Str: 13    XL:     6   Next: 35%
Magic:  15/15      EV:  3    Int:  9    God:
Gold:   253        SH:  0    Dex: 17    Spells: 5/5 levels left

rFire    . . .     SeeInvis .   D - +0 dagger (elec)
rCold    . . .     Gourm    .   (shield restricted)
rNeg     + + +     Faith    .   (armour currently unavailable)
rPois    +         Spirit   .   (helmet currently unavailable)
rElec    .         Reflect  .   (cloak currently unavailable)
rCorr    .         Harm     .   (gloves currently unavailable)
MR       .....     NoTele   +   (boots currently unavailable)
Stlth    ++........             (no amulet)
HPRegen  0.18/turn              h - ring of magical power
MPRegen  0.14/turn              (no ring)

@: lethally poisoned (-1 -> -36), tree-form
A: small, carnivore
a: no special abilities


You were on level 4 of the Dungeon.
You were very full.
You were a tree.
You visited 1 branch of the dungeon, and saw 5 of its levels.

You collected 253 gold pieces.

Inventory:

Hand Weapons
 a - a +0 short sword of freezing
 m - a +0 rapier
 p - a +2 dagger of freezing
 D - a +0 dagger of electrocution (weapon)
Armour
 b - a +0 leather armour (melded)
 c - a +0 helmet (melded)
 q - a +0 ring mail
Jewellery
 h - a ring of magical power (left branch)
 v - an uncursed ring of ice
Wands
 C - a wand of flame (13)
Scrolls
 e - a scroll of blinking {unknown}
 g - a scroll of immolation {unknown}
 i - 3 scrolls of magic mapping {unknown}
 j - 5 scrolls of remove curse
 o - 2 scrolls of teleportation {unknown}
 s - 6 scrolls of identify {unknown}
 u - a scroll of fear {unknown}
 y - 8 scrolls of amnesia {unknown}
 B - a scroll of enchant armour {unknown}
Potions
 k - a potion of curing {unknown}
 n - a potion of mutation {unknown}
 r - a potion of flight {unknown}
 t - 2 potions of agility
 w - a potion of degeneration {unknown}
 z - a potion of ambrosia {unknown}
 E - a potion of haste {unknown}
Comestibles
 f - 7 rations


   Skills:
 + Level 3.5 Fighting
 + Level 6.6 Short Blades
 + Level 2.4 Throwing
 + Level 1.5 Armour
 + Level 4.3 Dodging
 + Level 1.2 Stealth


You had 5 spell levels left.
You didn't know any spells.
Your spell library was empty.

Dungeon Overview and Level Annotations

Branches:
Dungeon (5/15)             Temple (0/1) D:4

Altars:
Dithmenos
Fedhas
Hepliaklqana
Makhleb
Nemelex Xobeh
Trog
Uskayaw
Xom

Shops:
D:4 :


Innate Abilities, Weirdness & Mutations

You are small and have problems with some larger weapons.
You are carnivorous and can eat meat at any time.


Message History

The killer bee closely misses you. The killer bee barely misses you.
The killer bee misses you. The killer bee stings you.
* * * LOW HITPOINT WARNING * * *
It was a potion of lignification.
You turn into a tree.
Your +0 helmet melds into your body.
Your +0 leather armour melds into your body.
Your roots penetrate the ground.
* * * LOW HITPOINT WARNING * * *
You feel very sick. The killer bee barely misses you.
The killer bee stings you but does no damage.
The killer bee stings you.
* * * LOW HITPOINT WARNING * * *
The killer bee stings you but does no damage.
You miss the killer bee.
* * * LOW HITPOINT WARNING * * *
You feel sick.
The killer bee stings you but does no damage. x2
You miss the killer bee.
You die...

#########....
##########............
#.....................
#........∩............
#.................##+#
#.................#...
#.........#########...
#.....y...')..........
#....♣y..(#......#####
#.........#......#
#....)....#......#
#######.........########
#...............#
#...............#
#...............#
#.....).........#
#...........#####


You could see 2 killer bees.

Vanquished Creatures
  A killer bee (D:4)
  An orc priest (D:4)
  An orc wizard (D:4)
  3 gnolls (D:3)
  5 adders
  An adder skeleton (D:4)
  3 worms
  2 dart slugs (D:1)
  2 leopard geckos
  5 orcs
  A ball python (D:3)
  4 bats (D:1)
  6 goblins
  6 hobgoblins
  A quokka (D:4)
  6 frilled lizards
  7 kobolds
  10 rats
65 creatures vanquished.

Notes
Turn   | Place    | Note
-------+----------+-------------------------------------------
     0 | D:1      | Borgoz the Kobold Gladiator began the quest for the Orb.
     0 | D:1      | Reached XP level 1. HP: 12/12 MP: 1/1
    95 | D:1      | Reached XP level 2. HP: 16/18 MP: 1/2
   405 | D:1      | Found a shimmering altar of Xom.
   407 | D:1      | Found a hazy altar of Hepliaklqana.
   407 | D:1      | Found a burning altar of Makhleb.
   409 | D:1      | Found a sparkling altar of Nemelex Xobeh.
   409 | D:1      | Found a blossoming altar of Fedhas.
   409 | D:1      | Found a hide-covered altar of Uskayaw.
   506 | D:2      | Reached XP level 3. HP: 22/22 MP: 3/3
   713 | D:2      | Reached skill level 5 in Short Blades
   902 | D:2      | Reached XP level 4. HP: 25/27 MP: 4/4
  1310 | D:3      | Found a shadowy altar of Dithmenos.
  1441 | D:3      | Reached XP level 5. HP: 19/32 MP: 5/5
  2146 | D:3      | Noticed a moth of wrath
  2149 | D:3      | Found a bloodstained altar of Trog.
  2368 | D:4      | Reached skill level 6 in Short Blades
  2368 | D:4      | Reached skill level 1 in Armour
  2379 | D:4      | Reached skill level 1 in Stealth
  2387 | D:4      | Reached XP level 6. HP: 23/37 MP: 6/6
  2674 | D:4      | Found Asoad's Book Shop.
  2747 | D:4      | Found a staircase to the Ecumenical Temple.
  2845 | D:5      | Entered Level 5 of the Dungeon
  2845 | D:5      | Noticed an ogre
  2866 | D:4      | HP: 1/55 [poisoned by a killer bee]
  2867 | D:4      | Succumbed to a killer bee's poison

Levels and vault maps discovered:
D:1:      dpeg_arrival_stonehenge_12_columns, layout_rooms, doesnt_xom_only_xom
D:2:      layout_basic
D:3:      layout_rooms, overflow_temple_1_default, tgw_trog
D:4:      layout_gridville, minmay_temple_entry_from_below_a, serial_shops,
          shop, first_ration
D:5:      layout_rooms, serial_undead, serial_undead_d, serial_undead_b,
          serial_undead_c, serial_undead_c, serial_undead_a, serial_undead_d

Skill      XL: |  1  2  3  4  5 |
---------------+----------------+-----
Dodging        | 4 |  4.3
Short Blades   | 5 6 |  6.6
Fighting       | 3 |  3.5
Armour         | 1 |  1.5
Stealth        | 1 |  1.2
Throwing       | |  2.4

Action                   |  1- 3 |  4- 6 || total
-------------------------+-------+-------++-------
Melee: Rapier            |    44 |       ||    44
       Short sword       |    62 |   125 ||   187
       Dagger            |       |    14 ||    14
Throw: Throwing net      |       |     4 ||     4
  Use: Potion            |       |     6 ||     6
       Scroll            |       |     1 ||     1
 Stab: Sleeping          |     1 |       ||     1
       Held in net/web   |       |     2 ||     2
  Eat: Chunk             |     8 |     6 ||    14
Armor: Leather armour    |    14 |    20 ||    34
       Skin              |       |     4 ||     4
Dodge: Dodged            |   105 |   169 ||   274

Table legend:
 A = Non-vault XP
 B = Vault XP
 C = Vault XP percentage of total XP
 D = Non-vault monster count
 E = Vault monster count
 F = Vault count percentage of total count
                 A         B        C        D         E       F
            +---------+---------+-------+---------+---------+-------
      Total |     349 |       9 |   2.5 |      60 |       5 |   7.7
            +---------+---------+-------+---------+---------+-------
        D:1 |      27 |       0 |   0.0 |      14 |       0 |   0.0
        D:2 |      58 |       0 |   0.0 |      15 |       0 |   0.0
        D:3 |      82 |       9 |   9.9 |      19 |       5 |  20.8
        D:4 |     182 |       0 |   0.0 |      12 |       0 |   0.0
            +---------+---------+-------+---------+---------+-------
